 Dungeon Crawl Stone Soup version 0.31-a0-355-g57cb03d3e8 (webtiles) character file.

Game seed: 11523811100173714391

890 Hubris850 the Chiller (level 7, 0/50 HPs)
             Began as a Black Draconian Ice Elementalist on July 24, 2023.
             Killed themself with a bounced orb of electricity (8 damage)
             ... on level 5 of the Dungeon.
             The game lasted 00:14:39 (4334 turns).

Hubris850 the Chiller (DrIE)                        Turns: 4334, Time: 00:14:39

Health: 0/50       AC:  8    Str: 10    XL:     7   Next: 77%
Magic:  23/23      EV: 13    Int: 17    God:
Gold:   206        SH:  0    Dex: 12    Spells: 10/15 levels left

rFire   . . .        w - +0 short sword
rCold   . . .        (no shield)
rNeg    . . .        (body armour unavailable)
rPois   .            (helmet restricted)
rElec   +            v - +0 cloak
rCorr   .            (no gloves)
SInv    .            o - +0 pair of boots
Will    .....        (no amulet)
Stlth   ++           u - ring of magical power
HPRegen 0.28/turn    (no ring)
MPRegen 0.18/turn

%: no passive effects
@: no status effects
A: breathe lightning, AC +6, unfitting armour, electricity resistance,
cold-blooded
a: Breathe Lightning


You were on level 5 of the Dungeon.
You visited 1 branch of the dungeon, and saw 5 of its levels.

You collected 206 gold pieces.

Inventory:

Hand Weapons
 c - a +0 club
 d - a +0 dagger
 w - a +0 short sword (weapon)
Missiles
 h - a throwing net
 r - 4 poisoned darts
 x - 4 atropa-tipped darts
 y - 6 boomerangs
Armour
 o - a +0 pair of boots (worn)
 v - a +0 cloak (worn)
Jewellery
 u - a ring of magical power (left hand)
Talismans
 k - a beast talisman
Scrolls
 f - a scroll of noise {unknown}
 g - a scroll of enchant armour {unknown}
 j - 3 scrolls of identify {unknown}
 l - 3 scrolls of teleportation {unknown}
 n - a scroll of vulnerability {unknown}
 p - a scroll of torment {unknown}
 q - a scroll of fog {unknown}
 t - a scroll of poison {unknown}
Potions
 a - a potion of magic
 b - 4 potions of heal wounds {unknown}
 e - 2 potions of enlightenment {unknown}
 i - 2 potions of curing {unknown}
 m - a potion of cancellation {unknown}
 s - 3 potions of brilliance {unknown}


   Skills:
 - Level 3.5 Dodging
 - Level 2.0 Stealth
 + Level 4.8 Spellcasting
 + Level 4.1 Summonings
 + Level 6.2 Ice Magic


You had 10 spell levels left.
You knew the following spells:

 Your Spells              Type           Power      Damage    Failure   Level
a - Freeze                Ice            100%       1d10      1%          1
b - Frozen Ramparts       Ice            50%        1d8       3%          3
c - Summon Small Mammal   Summ           72%        N/A       2%          1

Your spell library contained the following spells:

 Spells                   Type           Power      Damage    Failure   Level
 Ozocubu's Armour         Ice            25%        N/A       3%          3
 Call Canine Familiar     Summ           18%        N/A       8%          3
 Apportation              Tloc           8%         N/A       14%         1
 Necrotise                Necr           16%        1d4       14%         1
 Summon Ice Beast         Ice/Summ       21%        N/A       17%         4
 Summon Guardian Golem    Hex/Summ       11%        N/A       19%         3
 Inner Flame              Hex/Fire       4%         N/A       41%         3
 Stone Arrow              Conj/Erth      8%         3d7       41%         3
 Yara's Violent Unravell  Hex/Tmut       2%         3d3       99%         5
 Enfeeble                 Hex            2%         N/A       100%        7
 Lehudib's Crystal Spear  Conj/Erth      2%         10d2      100%        8
 Animate Armour           Summ/Erth      Unusable   N/A       N/A         4

Dungeon Overview and Level Annotations

Branches:
Dungeon (5/15)
 Temple: D:4-7

Altars:


Innate Abilities, Weirdness & Mutations

You can breathe wild blasts of lightning.
Your glossy black scales are hard. (AC +6)
You cannot fit into any form of body armour.
You are resistant to electric shocks. (rElec)
You are cold-blooded and may be slowed by cold attacks.


Message History

Confirm with . or Enter, or press ? or * to list all spells.
The ice beast completely resists.
The wall freezes the ice beast but does no damage.
The ice beast hits you. The ice beast freezes you!
You feel yourself slow down.
* * * LOW HITPOINT WARNING * * *
Activating: Breathe Lightning (5% risk of failure)
Press: ? - help, Dir - look around, f - activate You breathe a wild blast of lightning!
The bolt of lightning misses your quokka.
The bolt of lightning misses you. x2
Your quokka closely misses the ice beast.
The ice beast completely resists.
The wall freezes the ice beast but does no damage.
The ice beast hits you but does no damage.
Unknown command.
You hit the ice beast but do no damage.
The ice beast is moderately wounded.
You feel yourself speed up.
The frozen ramparts melt away.
Your quokka closely misses the ice beast.
The ice beast closely misses you.
Your quokka closely misses the ice beast.
The ice beast closely misses you.
Your quokka barely misses the ice beast.
The ice beast completely misses your quokka.
Your quokka bites the ice beast but does no damage.
Your quokka barely misses the ice beast.
The ice beast hits your quokka. The ice beast freezes your quokka!
Your quokka dies!
Your quokka's corpse disappears in a puff of smoke!
You see here a jackal corpse.
You see here a +0 hand axe.
You have got your breath back.
Activating: Breathe Lightning (5% risk of failure)
Press: ? - help, Dir - look around, f - activate You breathe a wild blast of lightning!
The orb of electricity explodes!
The orb of electricity engulfs the ice beast.
The ice beast is heavily wounded.
The orb of electricity engulfs you! You resist.
You die...

#.........#
##....#...
######.###########
........)........#
...#....####.....#
...#....# ###...#
..##...†#######..#
.. ##........##..#
.# #...#)...###@#
# #...#....# #.#
##..##...# #Y#
#..####.###.#
##..........#
##.........#
..####.......# #..
####....# .. #..##
####.#


You could see an ice beast.

Vanquished Creatures
  2 black bears (D:4)
  2 ogres (D:5)
  Blork the orc (D:4)
  A scorpion (D:5)
  An orc priest (D:4)
  3 hounds (D:5)
  A sleepcap (D:4)
  2 iguanas (D:4)
  2 orc wizards
  6 adders
  An ufetubus (D:2)
  2 dart slugs
  13 orcs
  8 bats
  5 endoplasms
  2 giant cockroaches
  3 hobgoblins
  4 jackals
  10 quokkas
  10 ball pythons
  2 frilled lizards
  4 goblins
  5 kobolds
  6 rats
96 creatures vanquished.

Notes
Turn   | Place    | Note
-------+----------+-------------------------------------------
     0 | D:1      | Hubris850 the Draconian Ice Elementalist began the quest
                  | for the Orb.
     0 | D:1      | Reached XP level 1. HP: 14/14 MP: 3/3
    43 | D:1      | Found a faded altar of an unknown god.
   289 | D:1      | Reached XP level 2. HP: 20/20 MP: 5/5
   795 | D:1      | Reached XP level 3. HP: 26/26 MP: 6/6
   799 | D:1      | Learned a level 3 spell: Frozen Ramparts
   801 | D:1      | Learned a level 1 spell: Summon Small Mammal
  1946 | D:3      | Reached XP level 4. HP: 33/33 MP: 8/8
  1968 | D:3      | Reached skill level 1 in Summonings
  1992 | D:3      | Identified the +6 chain mail of the Sparrow {Str+5 Int+2}
  2038 | D:3      | Identified the +1 leather armour of Defence {rCorr Int-2
                  | Dex-5 Stlth+}
  2300 | D:3      | Reached XP level 5. HP: 31/38 MP: 5/9
  3047 | D:4      | Noticed a black bear
  3059 | D:4      | Killed a black bear
  3060 | D:4      | Reached skill level 5 in Ice Magic
  3060 | D:4      | Reached XP level 6. HP: 44/45 MP: 11/11
  3689 | D:4      | Noticed Blork the orc
  3701 | D:4      | Killed Blork the orc
  3833 | D:4      | Your scales start taking on a glossy black colour.
  3833 | D:4      | Reached XP level 7. HP: 12/50 MP: 13/13
  3833 | D:4      | Gained mutation: You are resistant to electric shocks.
                  | (rElec) [Black Draconian growth]
  4060 | D:5      | Entered Level 5 of the Dungeon
  4279 | D:5      | Reached skill level 6 in Ice Magic
  4312 | D:5      | HP: 2/50 [ice beast (14)]
  4334 | D:5      | Killed themself with a bounced orb of electricity

Illustrated notes

Levels and vault maps discovered:
D:1:      minmay_arrival_loop, layout_loops_ring,
          ebering_ecumenical_altar_sacrificial, minmay_cupped
D:2:      layout_loops_ring
D:3:      minmay_angry_zag, layout_rooms
D:4:      layout_loops_corners, uniq_blork_the_orc
D:5:      minmay_recursive_quarters, layout_rooms, temple_statues,
          minmay_misc_feat_tower

Skill      XL: |  1  2  3  4  5  6  7 |
---------------+----------------------+-----
Dodging        | 2 3 |  3.5
Stealth        | 2 |  2.0
Summonings     | 1 2 3 4 |  4.1
Spellcasting   | 3 4 |  4.8
Ice Magic      | 5 6 |  6.2

Action                     |  1- 3 |  4- 6 |  7- 9 || total
---------------------------+-------+-------+-------++-------
  Melee: Dagger            |   143 |   115 |       ||   258
         Unarmed           |     7 |       |       ||     7
         Club              |     5 |       |       ||     5
         Tailslap          |    15 |    25 |    10 ||    50
         Punch             |     2 |     2 |       ||     4
         Short sword       |       |    46 |    45 ||    91
  Throw: Dart              |       |     1 |     5 ||     6
   Cast: Freeze            |    16 |    11 |       ||    27
         Frozen Ramparts   |     2 |     8 |     5 ||    15
         Summon Small Mamm |       |     4 |     1 ||     5
Ability: Begin Untransform |     1 |     1 |       ||     2
         Breathe Lightning |       |       |     3 ||     3
   Stab: Sleeping          |    11 |     5 |       ||    16
 Armour: Skin              |    55 |    64 |    24 ||   143
  Dodge: Dodged            |   115 |    95 |    39 ||   249
   Form: Beast             |     1 |     1 |       ||     2

Table legend: (Time is in decaauts)
 A = Elapsed time spent in this place.
 B = Non-inter-level travel time spent in this place.
 C = Inter-level travel time spent in this place.
 D = Time resting spent in this place.
 E = Time spent auto-exploring this place.
 F = Levels seen in this place.
 G = Mean time per level.
                   A        B        C        D        E       F      G
               +--------+--------+--------+--------+--------+-----+--------+
         Total |   4334 |   4239 |     95 |    466 |   2785 |   5 |  866.8 |
       Dungeon |   4334 |   4239 |     95 |    466 |   2785 |   5 |  866.8 |
               +--------+--------+--------+--------+--------+-----+--------+

Top non-repeatable levels by time:
     D:4: 1499 daAuts
     D:1: 1066 daAuts
     D:2: 848 daAuts
     D:3: 643 daAuts
     D:5: 275 daAuts
